 Dungeon Crawl Stone Soup version 0.22.0-38-g04b72b8 (webtiles) character file.

752 HarryHood the Cudgeler (level 7, -2/46 HPs)
             Began as a Gargoyle Berserker on Aug 28, 2018.
             Was a Priest of Trog.
             Slain by Prince Ribbit (5 damage)
             ... on level 6 of the Dungeon.
             The game lasted 00:15:30 (3250 turns).

HarryHood the Cudgeler (Gargoyle Berserker)         Turns: 3250, Time: 00:15:31

Health: -2/46      AC: 15    Str: 23    XL:     7   Next: 78%
Magic:  7/7        EV:  6    Int:  7    God:    Trog [***...]
Gold:   251        SH:  9    Dex:  9    Spells: 6/6 levels left

rFire    . . .     SeeInvis .   a - +0 morningstar
rCold    . . .     Gourm    .   j - +0 shield
rNeg     + . .     Faith    .   l - +0 chain mail
rPois    ∞         Spirit   .   t - +0 helmet
rElec    +         Reflect  .   (no cloak)
rCorr    .         Harm     .   (no gloves)
MR       .....                  (no boots)
Stlth    ..........             (no amulet)
HPRegen  0.15/turn              (no ring)
MPRegen  0.10/turn              (no ring)

@: no status effects
A: negative energy resistance 1, electricity resistance, unbreathing,
petrification resistance, rot immunity, AC +4
a: Berserk, Trog's Hand, Renounce Religion


You were on level 6 of the Dungeon.
You worshipped Trog.
Trog was most pleased with you.
You were very hungry.

You visited 1 branch of the dungeon, and saw 5 of its levels.

You collected 251 gold pieces.

Inventory:

Hand Weapons
 a - a +0 morningstar (weapon)
 y - a +1 whip of electrocution
Missiles
 h - 40 sling bullets
 k - 59 stones (quivered)
Armour
 j - a +0 shield (worn)
 l - a +0 chain mail (worn)
 t - a +0 helmet (worn)
 u - a +0 plate armour
Jewellery
 e - an uncursed ring of poison resistance {unknown}
 g - an uncursed ring of protection from cold {unknown}
 n - an uncursed amulet of guardian spirit {unknown}
 s - an uncursed ring of resist corrosion {unknown}
 w - an uncursed amulet of faith {unknown}
Scrolls
 b - a scroll of fog
 i - 3 scrolls of teleportation {@r0}
 p - 2 scrolls of enchant weapon {unknown}
 r - 3 scrolls of identify
Potions
 d - a potion of lignification {!q}
 f - 4 potions of curing {@q2}
 m - a potion of ambrosia
 o - a potion of might {unknown}
 q - 3 potions of heal wounds {unknown}
 v - a potion of brilliance {unknown}
 x - a potion of flight {unknown}
Comestibles
 c - 10 rations


   Skills:
 - Level 6.0 Fighting
 - Level 6.0 Maces & Flails
 * Level 4.6 Armour
 - Level 1.5 Dodging
 + Level 2.5 Shields


You had 6 spell levels left.
You didn't know any spells.
Your spell library was empty.

Dungeon Overview and Level Annotations

Branches:
Dungeon (4/15)
 Temple: D:4-7

Altars:
Ashenzari
Elyvilon
Fedhas
Xom
The Shining One

Annotations:
D:6 Prince Ribbit


Innate Abilities, Weirdness & Mutations

You are resistant to torment.
Your stone body is resilient. (AC +4)
You are immune to poison.
You resist negative energy. (rN+)
You are resistant to electric shocks. (rElec)
You can survive without breathing.
You are immune to petrification.
You are immune to rotting.


Message History

You miss Prince Ribbit. You block Prince Ribbit's attack.
Prince Ribbit hits you!
The phantom blinks!
You take 9 damage, and have 22/46 hp.
You closely miss Prince Ribbit.
Prince Ribbit hits you but does no damage.
Prince Ribbit barely misses you.
You miss Prince Ribbit.
Prince Ribbit blinks!
Prince Ribbit hits you!
* * * LOW HITPOINT WARNING * * *
You take 11 damage, and have 12/46 hp.
MASSIVE DAMAGE!!
You puncture Prince Ribbit!
Prince Ribbit blinks!
Prince Ribbit hits you!
* * * LOW HITPOINT WARNING * * *
You take 9 damage, and have 3/46 hp.
You miss Prince Ribbit.
Prince Ribbit casts a spell.
Prince Ribbit looks slightly unstable.
Prince Ribbit asks, "Just a little smooch?"
Prince Ribbit hits you but does no damage.
You miss Prince Ribbit. Prince Ribbit hits you.
You die...

#.# #####.##
#.# #.# #.#
#.# #.# #.#
#.# #.# #)#
#.# #.# #.#
###########.#
#)#
......WF@...#
#.#
....#########
#.# . #.##
#... ####
..... ##### #
#


You could see Prince Ribbit and a phantom.

Vanquished Creatures
  Eustachio (D:6)
  A black bear (D:6)
  An ogre (D:6)
  A crimson imp (D:6)
  A centaur skeleton (D:4)
  2 orc priests (D:6)
  A hound (D:6)
  2 orc wizards (D:4)
  Jessica (D:2)
  Terence (D:2)
  2 hound zombies (D:4)
  A worker ant zombie (D:4)
  3 adders
  An ooze (D:1)
  2 adder zombies (D:4)
  3 worms
  2 dart slugs
  A leopard gecko (D:2)
  11 orcs
  A ball python (D:1)
  A bat (D:1)
  3 giant cockroaches
  5 goblins
  5 hobgoblins
  3 jackals (D:3)
  5 kobolds
  3 quokkas
  A ball python skeleton (D:4)
  A ball python zombie (D:4)
  10 frilled lizards
  A jackal zombie (D:4)
  2 leopard gecko skeletons (D:4)
  A leopard gecko zombie (D:4)
  A quokka skeleton (D:4)
  2 quokka zombies (D:4)
  8 rats
91 creatures vanquished.

Notes
Turn   | Place    | Note
-------+----------+-------------------------------------------
     0 | D:1      | HarryHood the Gargoyle Berserker began the quest for the Orb.
     0 | D:1      | Reached XP level 1. HP: 14/14 MP: 1/1
   308 | D:1      | Reached XP level 2. HP: 18/19 MP: 2/2
   722 | D:1      | Reached skill level 4 in Maces & Flails
  1029 | D:2      | Noticed Jessica
  1041 | D:2      | Killed Jessica
  1041 | D:2      | Reached XP level 3. HP: 14/23 MP: 3/3
  1048 | D:2      | Reached XP level 4. HP: 18/28 MP: 4/4
  1242 | D:2      | Found a shattered altar of Ashenzari.
  1262 | D:2      | Noticed Terence
  1274 | D:2      | Killed Terence
  1274 | D:2      | Reached skill level 5 in Maces & Flails
  1645 | D:3      | Reached ** piety under Trog
  1711 | D:3      | Reached XP level 5. HP: 27/32 MP: 5/5
  2059 | D:3      | Found a white marble altar of Elyvilon.
  2281 | D:4      | Reached skill level 6 in Maces & Flails
  2317 | D:4      | Reached skill level 4 in Fighting
  2320 | D:4      | Reached XP level 6. HP: 24/38 MP: 6/6
  2502 | D:4      | Found a blossoming altar of Fedhas.
  2514 | D:4      | Found a glowing golden altar of the Shining One.
  2517 | D:4      | Found a shimmering altar of Xom.
  2527 | D:4      | Found a white marble altar of Elyvilon.
  2620 | D:4      | Reached skill level 5 in Fighting
  2763 | D:4      | You fall through a shaft for 2 floors!
  2763 | D:6      | Found a glowing golden altar of the Shining One.
  2763 | D:6      | Noticed a black bear
  2790 | D:6      | Killed a black bear
  2865 | D:6      | Reached skill level 6 in Fighting
  2876 | D:6      | Reached XP level 7. HP: 44/46 MP: 7/7
  2892 | D:6      | Reached *** piety under Trog
  2897 | D:6      | Reached skill level 1 in Shields
  3173 | D:6      | Noticed Eustachio
  3202 | D:6      | Killed Eustachio
  3202 | D:6      | Reached skill level 3 in Armour
  3202 | D:6      | Reached skill level 2 in Shields
  3206 | D:6      | Noticed Prince Ribbit
  3228 | D:6      | Reached skill level 4 in Armour
  3248 | D:6      | HP: 3/46 [Prince Ribbit (9)]
  3250 | D:6      | Slain by Prince Ribbit

Skill      XL: |  1  2  3  4  5  6  7 |
---------------+----------------------+-----
Maces & Flails | 4 5 6 |  6.0
Fighting       | 4 6 |  6.0
Shields        | 2 |  2.5
Armour         | 4 |  4.6
Dodging        | |  1.5

Action                   |  1- 3 |  4- 6 |  7- 9 || total
-------------------------+-------+-------+-------++-------
Melee: Mace              |    48 |   269 |       ||   317
       Whip              |       |    23 |     7 ||    30
       Morningstar       |       |       |    51 ||    51
Invok: Berserk           |       |       |     1 ||     1
  Use: Scroll            |     5 |     6 |       ||    11
  Eat: Chunk             |       |     7 |     1 ||     8
Armor: Animal skin       |    15 |       |       ||    15
       Chain mail        |       |   191 |    28 ||   219
       Ring mail         |       |    13 |       ||    13
Dodge: Dodged            |    44 |    86 |     8 ||   138
Block: Buckler           |       |     8 |       ||     8
       Shield            |       |    84 |    24 ||   108
